 Dungeon Crawl Stone Soup version 0.32-a0-918-g0f22ef8d61 (webtiles) character file.

Game seed: 10857807427891747669

233100 jasper the Devastator (level 18, -3/163 HPs)
             Began as a Demonspawn Conjurer on Apr 10, 2024.
             Was the Champion of Vehumet.
             Slain by a nagaraja
             ... wielding a +0 spear
              (15 damage)
             ... on level 4 of the Snake Pit.
             The game lasted 01:24:37 (43830 turns).

jasper the Devastator (Demonspawn Conjurer)        Turns: 43830, Time: 01:24:37

Health: -3/163     AC: 18    Str:  8    XL:     18   Next: 84%
Magic:  6/42       EV: 21    Int: 36    God:    Vehumet [******]
Gold:   2425       SH: 11    Dex: 13    Spells: 1/37 levels left

rFire   . . .        A - staff of earth
rCold   + . .        h - +2 buckler
rNeg    . . .        C - +0 steam dragon scales
rPois   +            W - +3 hat of Pondering {ponderous, Will+ MP+10 Int+5}
rElec   .            M - +1 cloak
rCorr   .            (gloves unavailable)
SInv    .            i - +3 pair of mountain boots {steadfast, rC+}
Will    ++...        X - amulet of magic regeneration
Stlth   ++           t - +6 ring of intelligence
HPRegen 0.47/turn    H - ring of poison resistance
MPRegen 0.68/turn

%: repel missiles
@: slow
A: claws 3, repulsion field 3, foul stench 2, icemail 1, robust 1, condensation
shield
}: 1/15 runes: decaying
a: Renounce Religion


You were on level 4 of the Snake Pit.
You worshipped Vehumet.
Vehumet was exalted by your worship.
You visited 6 branches of the dungeon, and saw 31 of its levels.
You also visited: Bailey and Volcano.

You collected 4383 gold pieces.
You spent 1958 gold pieces at shops.

Inventory:

Missiles
 s - 3 throwing nets
 F - 5 curare-tipped darts
Armour
 h - a +2 buckler (worn)
 i - the +3 pair of mountain boots (worn) {steadfast, rC+}
   (You acquired it on level 5 of the Dungeon)

   Steadfast: It prevents involuntary movement, except for blinking,
   teleportation, or banishment.
   rC+:       It protects you from cold.
 C - +0 steam dragon scales (worn)
 M - a +1 cloak (worn)
 W - the +3 hat of Pondering (worn) {ponderous, Will+ MP+10 Int+5}
   (You took it off Gastronok on level 2 of the Lair of Beasts)

   Int+5:     It affects your intelligence (+5).
   Will+:     It increases your willpower.
   MP+10:     It affects your magic capacity (+10).
Magical Staves
 A - a staff of earth (weapon)
Jewellery
 l - a ring of protection from cold
 t - a +6 ring of intelligence (left claw)
 w - the amulet of the Tempest {+Inv rF++ Will+ Regen+ Int-2}
   (You found it on level 2 of the Swamp)

   [amulet of regeneration]

   Int-2:     It affects your intelligence (-2).
   rF++:      It greatly protects you from fire.
   Will+:     It increases your willpower.
   +Inv:      It lets you turn invisible.
   Regen+:    It increases your rate of health regeneration.
 B - a +6 ring of intelligence
 G - a ring of protection from fire
 H - a ring of poison resistance (right claw)
 X - an amulet of magic regeneration (around neck)
Talismans
 y - a granite talisman
Wands
 q - a wand of warping (7)
 S - a wand of digging (4)
Scrolls
 b - 3 scrolls of enchant armour
 d - 2 scrolls of torment
 f - 6 scrolls of teleportation
 g - 15 scrolls of identify
 j - 5 scrolls of silence
 k - 4 scrolls of fog
 n - 6 scrolls of revelation
 o - a scroll of fear
 v - 2 scrolls of amnesia
 K - 2 scrolls of immolation
 L - a scroll of vulnerability
 O - 6 scrolls of poison
 Q - 2 scrolls of enchant weapon
 R - 2 scrolls of blinking
 T - 2 scrolls of summoning
Potions
 a - 2 potions of ambrosia
 c - 4 potions of cancellation
 e - 2 potions of enlightenment
 m - 12 potions of curing
 p - a potion of lignification
 r - 8 potions of degeneration
 u - 4 potions of berserk rage
 x - 3 potions of heal wounds
 z - 7 potions of mutation
 D - 9 potions of haste
 I - 2 potions of resistance
 N - 3 potions of magic
 P - 2 potions of attraction
 V - 3 potions of invisibility
 Y - 4 potions of might
Miscellaneous
 E - a tin of tremorstones (2/2)
 J - a lightning rod (1/4)
 U - a sack of spiders (inert)
 Z - a phantom mirror


   Skills:
 - Level 15.0 Fighting
 - Level 15.0 Dodging
 - Level 1.7 Stealth
 - Level 5.3 Shields
 - Level 10.0 Spellcasting
 - Level 15.7 Conjurations
 - Level 5.0 Translocations
 - Level 10.0 Fire Magic
 - Level 10.0 Earth Magic
 - Level 5.0 Alchemy
 + Level 9.7 Shapeshifting


You had one spell level left.
You knew the following spells:

 Your Spells              Type           Power      Damage    Failure   Level
a - Bombard               Conj/Erth      52%        9d9       1%          6
b - Ignition              Fire           37%        3d11      63%         8
d - Iskenderun's Mystic   Conj/Tloc      75%        2d15      (+2d81%     4
e - Blink                 Tloc           100%       N/A       1%          2
f - Orb of Destruction    Conj           46%        9d12      1%          7
g - Stone Arrow           Conj/Erth      100%       3d13      1%          3
h - Starburst             Conj/Fire      42%        6d12      1%          6

Your spell library contained the following spells:

 Spells                   Type           Power      Damage    Failure   Level
 Fire Storm               Conj/Fire      42%        8d11      98%         9
 Maxwell's Capacitive Co  Air            9%         ∞         100%        8
 Shatter                  Erth           47%        3d36*     100%        9
 Magic Dart               Conj           100%       1d8       0%          1
 Freeze                   Ice            72%        1d8       1%          1
 Kiss of Death            Conj/Necr      100%       2d13      1%          1
 Sting                    Conj/Alch      100%       1d9       1%          1
 Necrotise                Necr           72%        1d7       3%          1
 Summon Small Mammal      Summ           72%        N/A       3%          1
 Searing Ray              Conj           100%       2d8       0%          2
 Mercury Vapours          Alch/Air       72%        N/A       1%          2
 Static Discharge         Conj/Air       100%       3-8/arc   1%          2
 Hailstorm                Conj/Ice       66%        3d12      1%          3
 Fulminant Prism          Conj/Alch      37%        3d17      1%          4
 Olgreb's Toxic Radiance  Alch           52%        N/A       1%          4
 Lee's Rapid Deconstruct  Erth           47%        3d22*     1%          5
 Cigotuvi's Dreadful Rot  Necr/Alch/Air  58%        N/A       2%          2
 Frozen Ramparts          Ice            36%        1d6       2%          3
 Call Imp                 Summ           36%        N/A       4%          2
 Ensorcelled Hibernation  Hex/Ice        36%        N/A       4%          2
 Sublimation of Blood     Necr           18%        N/A       4%          2
 Animate Armour           Summ/Erth      100%       N/A       4%          4
 Summon Blazeheart Golem  Fire/Summ      52%        N/A       4%          4
 Airstrike                Air            9%         2d(2-18)  9%          4
 Call Canine Familiar     Summ           18%        N/A       10%         3
 Ozocubu's Armour         Ice            18%        N/A       10%         3
 Vampiric Draining        Necr           18%        2d7       10%         3
 Lehudib's Crystal Spear  Conj/Erth      52%        10d12     28%         8
 Dispel Undead            Necr           18%        3d11      32%         4
 Martyr's Knell           Necr/Summ      18%        N/A       32%         4
 Summon Lightning Spire   Summ/Air       18%        N/A       32%         4
 Summon Forest            Summ/Tloc      18%        N/A       32%         5
 Dispersal                Tloc           26%        N/A       54%         6
 Gell's Gavotte           Tloc           26%        2d(23-34) 54%         6
 Curse of Agony           Necr           18%        N/A       67%         5
 Metabolic Englaciation   Hex/Ice        9%         N/A       67%         5
 Summon Mana Viper        Hex/Summ       18%        N/A       67%         5
 Manifold Assault         Tloc           26%        N/A       98%         7
 Summon Cactus Giant      Summ           9%         N/A       99%         6
 Summon Hydra             Summ           9%         N/A       100%        7
 Disjunction              Tloc           26%        N/A       100%        8


Dungeon Overview and Level Annotations

Branches:
Dungeon (15/15)            Temple (1/1) D:6            Lair (5/5) D:8
  Swamp (4/4) Lair:2        Snake (4/4) Lair:3        Slime (0/5) Lair:4
    Orc (2/2) D:9             Elf (0/3) Orc:2        Vaults (0/5) D:13
 Depths (0/4) D:15         Bailey (visited)         Volcano (visited)

Altars:
Ashenzari
Cheibriados
Dithmenos
Fedhas
Gozag
Hepliaklqana
Kikubaaqudgha
Makhleb
Nemelex Xobeh
Okawaru
Qazlal
Ru
Sif Muna
Trog
Uskayaw
Vehumet
Wu Jian
Xom
Yredelemnul
Beogh
Jiyva

Shops:
D:7 :   D:13 *   D:15 =[[   Orc:2 =!(**   Snake:2 *=

Portals:
Hell: Lair:5
Pandemonium: Orc:2

Annotations:
D:7 Maurice
D:10 2 transporters, SaltyWalty's ghost, novice TrMo


Innate Abilities, Weirdness & Mutations

You have claws for hands.
You are surrounded by a strong repulsion field. (EV +4, RMsl)
You sometimes emit foul miasma when damaged in melee.
A meltable icy envelope protects you from harm. (AC +4)
You are robust. (+10% HP)
A meltable shield of frost defends you. (SH +4)


Message History

The nagaraja constricts you!
* * * LOW HITPOINT WARNING * * *
You take 20 damage, and have 2/163 hp.
You feel much better.
The nagaraja no longer looks unusually strong.
The nagaraja is no longer moving slowly.
The nagaraja is engulfed in dark miasma.
The nagaraja casts a spell at you. You block the poison arrow.
The nagaraja constricts you.
* * * LOW HITPOINT WARNING * * *
You regained 18 hp, and now have 20/163 hp.
Casting: Starburst (mildly dangerous; 1% risk of failure)
Confirm with . or Enter, or press ? or * to list all spells.
Casting: Starburst (mildly dangerous; 1% risk of failure)
Press: ? - help, Dir - look around, f - activate The bolt of fire hits the nagaraja!!!
You kill the nagaraja!
Vehumet accepts your kill.
You feel your power returning. The nagaraja spits poison at you.
The splash of poison misses you.
You now have 12/42 mp.
Casting: Starburst (mildly dangerous; 1% risk of failure)
Confirm with . or Enter, or press ? or * to list all spells.
Aiming: Orb of Destruction (mildly dangerous; 1% risk of failure)
Press: ? - help, Shift-Dir - straight line, f - nagaraja
Aim: a nagaraja, wielding a +0 spear and wearing a +0 robe (catching its breath)
A naga comes into view. It is wielding a +0 dire flail.
The nagaraja hits you from afar with a +0 spear!
* * * LOW HITPOINT WARNING * * *
The wavering orb of destruction hits the nagaraja!!!
The nagaraja is heavily wounded.
You take 10 damage, and have 11/163 hp.
You now have 5/42 mp.
Casting: Orb of Destruction (mildly dangerous; 1% risk of failure)
Confirm with . or Enter, or press ? or * to list all spells.
You don't have enough magic to cast this spell.
Unknown command.
The nagaraja attacks as it pursues you!
The nagaraja hits you from afar with a +0 spear!
You die...

............##.....##..
............###'''## .
##.........###.....###
.†........##...§~~...#
##........#.#§§~≈~..#.#
.#...#....#.#..§≈≈..# #
.#...###..#.#.§§≈~..#.#
##...##...##..§~~§...#
...........###..@..###
........#### ##†#+##
......### #..N†)....#
.....## #N....).......
/...## N..#...).....#.
....# .#.............
....# .###.......###
...## # ##.§~~.## ..##
##≈≈~##


You could see a nagaraja (catching breath).

Vanquished Creatures
  A tentacled monstrosity (Swamp:2)
  Aizul (Swamp:4)
  3 thorn hunters
  The ghost of spaghetti the Metamorph, an adept NaBe of Trog (Snake:3)
  Roxanne (D:14)
  Gastronok (Lair:2)
  6 nagarajas
  Donald (Swamp:1)
  A fenstrider witch (Swamp:4)
  2 ghouls
  Louise (Swamp:1)
  An orc warlord (Orc:2)
  3 eleionomae
  The ghost of Ruich the Skirmisher, a journeyman CoHu of Jiyva (Lair:2)
  4 bunyips
  3 fire dragons
  4 shambling mangroves
  3 salamander tyrants
  An ogre mage (D:12)
  A centaur warrior (D:15)
  A spriggan air mage (Swamp:3)
  20 anacondas
  A ghost crab (Swamp:1)
  21 hydras
  10 two-headed ogres
  A demonspawn (Orc:2)
  9 alligators
  4 boulder beetles
  A tengu warrior (D:14)
  A catoblepas (Lair:4)
  4 orc high priests
  The ghost of nobo the Conjurer, a novice DsFE of Vehumet (Lair:1)
  9 death yaks (Lair:4)
  A hell hog (Volcano)
  5 naga sharpshooters
  14 naga warriors
  12 shock serpents
  A goliath frog (Swamp:1)
  3 skysharks
  A salamander mystic (Snake:2)
  A sixfirhy (Lair:5)
  2 bunyip zombies (Swamp:4)
  A skeletal warrior (D:12)
  10 swamp dragons
  17 mana vipers
  3 arcanists
  A spectral hydra (Lair:1)
  4 sea snakes (Snake:4)
  3 spriggan druids
  8 bog bodies
  13 naga ritualists
  A lindwurm (Volcano)
  A necromancer (Swamp:4)
  An obsidian bat (Orc:2)
  7 orc knights
  An alligator zombie (Swamp:4)
  A will-o-the-wisp (Swamp:4)
  5 deep elf pyromancers
  10 salamanders
  2 ugly things
  A shining eye (Lair:1)
  12 orc sorcerers
  6 cyclopes
  3 meliai (D:14)
  3 manticores
  6 elephants (Lair:4)
  26 slime creatures
  44 black mambas
  6 guardian serpents
  13 naga magi
  2 molten gargoyles (Volcano)
  2 kobold blastminers (Orc:2)
  An ice statue (D:13)
  An unseen horror (shapeshifter) (D:12)
  An unseen horror (D:12)
  4 orange demons (Lair:5)
  A gargoyle (D:12)
  13 cane toads
  2 yaktaurs (D:12)
  A bunyip simulacrum (Swamp:4)
  7 rime drakes
  13 komodo dragons
  An efreet (D:12)
  2 tengu conjurers
  An ice devil (Lair:5)
  3 red devils
  A hydra zombie (Swamp:4)
  A hellwing (Lair:5)
  8 trolls
  2 wolf spider simulacra
  15 hornets
  Prince Ribbit (D:8)
  2 bloated husks (Swamp:1)
  2 polar bears
  3 tyrant leeches
  18 blink frogs
  2 alligator simulacra (Swamp:4)
  2 dream sheep (Lair:4)
  A raiju (shapeshifter) (D:12)
  A spectral black mamba (Lair:1)
  A centaur simulacrum (D:12)
  12 spriggans
  4 water elementals
  2 ynoxinuls (Orc:2)
  8 wyverns
  2 wraiths
  2 shadows
  5 basilisks
  5 fire bats (Volcano)
  A spectral komodo dragon (Lair:1)
  28 yaks
  3 humans (Lair:4)
  3 wargs (Orc:2)
  5 steam dragons
  4 vampire mosquitoes (D:11)
  A neqoxec (Orc:2)
  15 swamp worms
  An acid dragon (D:9)
  32 nagas
  23 water moccasins
  5 hell hounds
  9 swamp drakes
  A meliai simulacrum (D:14)
  9 black bears
  3 laughing skulls
  A swamp dragon zombie (Swamp:4)
  10 ice beasts
  40 orc warriors
  5 ogres
  7 centaurs
  6 wolves
  A black mamba simulacrum (Lair:1)
  3 phantoms
  3 kobold brigands
  2 gnoll sergeants
  13 bullfrogs
  A scorpion (D:4)
  10 wights
  A lindwurm simulacrum (Lair:1)
  8 killer bees
  16 electric eels
  3 howler monkeys
  6 lava snakes (Volcano)
  3 bombardier beetles
  2 jellies (D:6)
  A komodo dragon simulacrum (Lair:1)
  4 hounds
  Crazy Yiuf (D:2)
  20 orc priests
  A gnoll bouda (D:9)
  Natasha (thrice) (D:4)
  2 hell rats (D:8)
  Terence (D:2)
  4 iguanas
  2 sleepcaps
  17 orc wizards
  21 gnolls
  8 adders
  A white imp (D:8)
  2 ufetubi (D:7)
  2 ribbon worms (D:2)
  4 dart slugs
  65 orcs
  8 endoplasms
  3 giant cockroaches
  18 goblins
  15 hobgoblins
  4 jackals (D:5)
  A quokka (D:1)
  3 ball pythons
  8 bats
  4 frilled lizards (D:1)
  17 kobolds
  9 rats
  A fulminant prism (Lair:4)
1061 creatures vanquished.

Vanquished Creatures (collateral kills)
  A rime drake (Lair:2)
  2 komodo dragons (Lair:2)
  A tyrant leech (Lair:2)
  2 hornets (Swamp:1)
  A spriggan (Swamp:1)
  A wyvern (Lair:2)
  4 yaks (Lair:2)
  A water moccasin (Lair:2)
  4 wolves (Lair:2)
17 creatures vanquished.

Vanquished Creatures (others)
  2 bloated husks
  196 fulminant prisms
198 creatures vanquished.

Grand Total: 1276 creatures vanquished

Notes
Turn   | Place    | Note
-------+----------+-------------------------------------------
     0 | D:1      | jasper the Demonspawn Conjurer began the quest for the Orb.
     0 | D:1      | Reached XP level 1. HP: 13/13 MP: 3/3
   196 | D:1      | Gained mutation: A meltable shield of frost defends you.
                  | (SH +4) [demonic ancestry]
   196 | D:1      | Reached XP level 2. HP: 19/19 MP: 0/5
   581 | D:1      | Learned a level 2 spell: Searing Ray
   589 | D:1      | Reached skill level 5 in Conjurations
   589 | D:1      | Gained mutation: You may rarely emit foul miasma when
                  | damaged in melee. [demonic ancestry]
   589 | D:1      | Reached XP level 3. HP: 24/24 MP: 2/6
  1110 | D:2      | Noticed Terence
  1908 | D:4      | Noticed a phantom
  1927 | D:3      | Killed a phantom
  1928 | D:3      | Reached XP level 4. HP: 23/30 MP: 1/7
  1994 | D:4      | Learned a level 4 spell: Fulminant Prism
  2025 | D:4      | Gained mutation: You are surrounded by a mild repulsion
                  | field. (EV +2) [demonic ancestry]
  2025 | D:4      | Reached XP level 5. HP: 35/35 MP: 3/8
  2588 | D:4      | Noticed Natasha
  2594 | D:4      | Killed Natasha
  2595 | D:4      | Gained mutation: You have sharp fingernails. [demonic
                  | ancestry]
  2595 | D:4      | Reached XP level 6. HP: 29/41 MP: 0/9
  2861 | D:4      | Noticed Natasha
  2865 | D:4      | Killed Natasha
  2909 | D:4      | Noticed Natasha
  2916 | D:4      | Killed Natasha
  3241 | D:4      | Reached skill level 5 in Alchemy
  3492 | D:5      | Entered Level 5 of the Dungeon
  3561 | D:5      | Noticed an ice beast
  3568 | D:5      | Killed an ice beast
  3569 | D:5      | Reached XP level 7. HP: 40/46 MP: 0/11
  3574 | D:5      | Learned a level 4 spell: Iskenderun's Mystic Blast
  3831 | D:5      | Reached skill level 1 in Translocations
  4974 | D:6      | Reached XP level 8. HP: 44/52 MP: 0/12
  5265 | D:6      | Reached skill level 5 in Translocations
  5361 | D:6      | Found a staircase to the Ecumenical Temple.
  5370 | Temple   | Entered the Ecumenical Temple
  5381 | Temple   | Became a worshipper of Vehumet
  5713 | D:2      | Found a runed translucent door.
  5714 | D:2      | Noticed Crazy Yiuf
  5828 | D:2      | Learned a level 2 spell: Blink
  6708 | D:2      | Killed Terence
  6843 | D:2      | Killed Crazy Yiuf
  6996 | D:5      | Identified a scroll of acquirement
  6996 | D:5      | Acquired the +3 pair of mountain boots {steadfast, rC+}
  6996 | D:5      | Found the +3 pair of mountain boots {steadfast, rC+}
  7559 | D:6      | Reached * piety under Vehumet
  7559 | D:6      | Offered knowledge of Foxfire by Vehumet.
  7560 | D:6      | Reached skill level 1 in Fighting
  8164 | D:7      | Noticed a manticore
  8383 | D:7      | Gained mutation: You have very sharp fingernails. [demonic
                  | ancestry]
  8383 | D:7      | Reached XP level 9. HP: 64/64 MP: 1/13
  8479 | D:7      | Killed a manticore
  8731 | D:7      | Noticed Maurice
  8973 | D:7      | Noticed a two-headed ogre
  8992 | D:7      | Killed a two-headed ogre
  8993 | D:7      | Reached skill level 5 in Dodging
  9128 | D:7      | Found Afeadgh's Self-Improvement Boutique.
  9131 | D:7      | Identified the ring "Wasch" {rElec Will- MP+9 Dex+5 Slay+4}
  9147 | D:7      | Noticed a two-headed ogre
  9280 | D:7      | Noticed a cyclops
  9439 | D:8      | Reached XP level 10. HP: 39/77 MP: 2/14
  9594 | D:8      | Noticed a cane toad
  9609 | D:8      | Killed a cane toad
  9609 | D:8      | Offered knowledge of Static Discharge by Vehumet.
  9684 | D:8      | Noticed a cane toad
  9701 | D:8      | Killed a cane toad
  9701 | D:8      | Reached ** piety under Vehumet
  9820 | D:8      | Found a staircase to the Lair.
 10627 | D:9      | Found a staircase to the Orcish Mines.
 10963 | D:9      | Offered knowledge of Dazzling Flash by Vehumet.
 11154 | D:9      | Found a burning altar of Makhleb.
 11272 | D:9      | Noticed a two-headed ogre
 11288 | D:9      | Noticed a two-headed ogre
 11291 | D:9      | Killed a two-headed ogre
 11594 | D:8      | Noticed Prince Ribbit
 11605 | D:8      | Killed Prince Ribbit
 12230 | D:9      | Killed a two-headed ogre
 12231 | D:9      | Gained mutation: You are surrounded by a moderate repulsion
                  | field. (EV +3) [demonic ancestry]
 12231 | D:9      | Reached XP level 11. HP: 51/89 MP: 4/15
 12649 | D:10     | Entered Level 10 of the Dungeon
 12757 | D:10     | Found a flagged portal.
 12901 | Bailey   | Entered a bailey
 13019 | Bailey   | Reached *** piety under Vehumet
 13126 | Bailey   | Noticed an orc sorcerer
 13139 | Bailey   | Killed an orc sorcerer
 13140 | Bailey   | Reached skill level 10 in Fighting
 13297 | Bailey   | Acquired 734 gold pieces
 13322 | Bailey   | Offered knowledge of Sticky Flame by Vehumet.
 13837 | Bailey   | Noticed an orc high priest
 13846 | Bailey   | Noticed a sun demon
 13848 | Bailey   | Killed an orc high priest
 14142 | Bailey   | Found an iron altar of Okawaru.
 14161 | Bailey   | Gained mutation: A meltable icy envelope protects you from
                  | harm. (AC +4) [demonic ancestry]
 14161 | Bailey   | Reached XP level 12. HP: 98/98 MP: 15/24
 14545 | D:10     | Noticed a two-headed ogre
 14557 | D:10     | Killed a two-headed ogre
 14558 | D:10     | Reached skill level 10 in Dodging
 14623 | D:10     | Found an ancient bone altar of Kikubaaqudgha.
 14690 | D:10     | Noticed SaltyWalty's ghost (novice TrMo)
 14927 | D:10     | Found a transporter.
 14937 | D:10     | Found a transporter.
 15021 | D:10     | Noticed a two-headed ogre
 15030 | D:10     | Killed a two-headed ogre
 15830 | D:11     | Got Sif Muna's Exposition on the Glamourous Grave
 15933 | D:11     | Reached **** piety under Vehumet
 16886 | D:12     | Noticed a two-headed ogre
 16947 | Lair:1   | Entered Level 1 of the Lair of Beasts
 17366 | Lair:1   | Noticed a boulder beetle
 17367 | Lair:1   | Gained mutation: You are surrounded by a strong repulsion
                  | field. (EV +4, RMsl) [demonic ancestry]
 17367 | Lair:1   | Reached XP level 13. HP: 108/108 MP: 18/25
 17968 | Lair:1   | Found a runed translucent gate.
 17968 | Lair:1   | Found a runed translucent gate.
 17968 | Lair:1   | Found a runed translucent gate.
 17969 | Lair:1   | Noticed nobo's ghost (novice DsFE)
 18455 | Lair:2   | Found a runed translucent door.
 18457 | Lair:2   | Noticed Ruich's ghost (journeyman CoHu)
 18495 | Lair:2   | Offered knowledge of Arcjolt by Vehumet.
 18946 | Lair:2   | Found a shimmering altar of Xom.
 19158 | Lair:2   | Found a staircase to the Swamp.
 19248 | Lair:2   | Noticed Gastronok
 19270 | Lair:2   | Killed Gastronok
 19777 | Lair:3   | Found a dark tunnel.
 19791 | Volcano  | Entered a volcano
 20308 | Volcano  | Found a bloodstained altar of Trog.
 20843 | Lair:3   | Reached ***** piety under Vehumet
 20887 | Lair:3   | Offered knowledge of Orb of Destruction by Vehumet.
 20896 | Lair:3   | Learned a level 7 spell: Orb of Destruction
 21157 | Lair:3   | Found a staircase to the Snake Pit.
 21273 | Lair:3   | Learned a level 3 spell: Stone Arrow
 21886 | Lair:4   | Identified the +5 mace of the Revolution {protect, rF+
                  | Str+3 Dex+2}
 21924 | Lair:4   | Identified the +2 robe of the Baku {Fly rN+ Will++ Dex-3}
 22002 | Lair:4   | Reached skill level 10 in Conjurations
 22068 | Lair:4   | Gained mutation: You have claws for hands. [demonic
                  | ancestry]
 22068 | Lair:4   | Reached XP level 14. HP: 95/118 MP: 26/26
 22086 | Lair:4   | Noticed Nessos
 22099 | Lair:4   | Nessos changed into Nessos the elephant
 22099 | Lair:4   | Noticed Nessos
 22103 | Lair:4   | Killed Nessos the elephant
 22367 | Lair:4   | Found a viscous altar of Jiyva.
 22368 | Lair:4   | Found a staircase to the Slime Pits.
 23021 | Lair:4   | Offered knowledge of Flame Wave by Vehumet.
 23533 | Lair:5   | Entered Level 5 of the Lair of Beasts
 24073 | Lair:5   | Found a burning altar of Makhleb.
 24079 | Lair:5   | Found a gateway to Hell.
 24524 | Lair:5   | Reached skill level 15 in Conjurations
 24662 | Lair:5   | Offered knowledge of Starburst by Vehumet.
 25139 | Orc:1    | Entered Level 1 of the Orcish Mines
 25528 | D:9      | Gained mutation: You sometimes emit foul miasma when
                  | damaged in melee. [demonic ancestry]
 25528 | D:9      | Reached XP level 15. HP: 101/119 MP: 27/27
 25818 | Orc:1    | Found a roughly hewn altar of Beogh.
 26033 | Orc:2    | Entered Level 2 of the Orcish Mines
 26073 | Orc:2    | Learned a level 6 spell: Starburst
 26098 | Orc:2    | Reached skill level 1 in Shields
 26281 | Orc:2    | Found Cyto's Overcharged Wands.
 26324 | Orc:2    | Found Yhicisk's General Store.
 26330 | Orc:2    | Found Rudiv Buong's Distillery.
 26457 | Orc:2    | Bought a potion of curing for 39 gold pieces
 26457 | Orc:2    | Bought 2 potions of haste for 260 gold pieces
 26457 | Orc:2    | Bought a potion of curing for 39 gold pieces
 26457 | Orc:2    | Bought a potion of curing for 39 gold pieces
 26457 | Orc:2    | Bought a potion of haste for 130 gold pieces
 26459 | Orc:2    | Bought a scroll of teleportation for 36 gold pieces
 26459 | Orc:2    | Bought a potion of heal wounds for 60 gold pieces
 26459 | Orc:2    | Bought a potion of heal wounds for 60 gold pieces
 26459 | Orc:2    | Bought 2 potions of resistance for 240 gold pieces
 26519 | Orc:2    | Offered knowledge of Plasma Beam by Vehumet.
 26869 | Orc:2    | Reached skill level 5 in Shields
 27168 | Orc:2    | Reached skill level 1 in Fire Magic
 27344 | Orc:2    | Found a staircase to the Elven Halls.
 27577 | Orc:2    | Found Mucebutu's Jewellery Emporium.
 27577 | Orc:2    | Found Vagisumm's Antique Weapon Shoppe.
 27578 | Orc:2    | Found a one-way gate leading to the halls of Pandemonium.
 27580 | Orc:2    | Bought a ring of poison resistance for 260 gold pieces
 27948 | Lair:1   | Killed nobo's ghost
 28011 | Lair:2   | Killed Ruich's ghost
 28510 | D:12     | Reached skill level 5 in Fire Magic
 28768 | D:12     | Offered knowledge of Bombard by Vehumet.
 29647 | D:13     | Found Hats's Assorted Antiques.
 29652 | D:13     | Bought a potion of haste for 250 gold pieces
 29652 | D:13     | Bought a potion of cancellation for 200 gold pieces
 29741 | D:13     | Learned a level 6 spell: Bombard
 29775 | D:13     | Found a gate to the Vaults.
 29780 | D:13     | Reached skill level 1 in Earth Magic
 30733 | D:14     | Reached XP level 16. HP: 131/131 MP: 29/29
 30755 | D:14     | Noticed Roxanne
 30777 | D:14     | Killed Roxanne
 31362 | D:15     | Entered Level 15 of the Dungeon
 31555 | D:15     | Found Muathup's Antique Armour Emporium.
 31635 | D:15     | Found Edogeejixy's Antique Armour Shop.
 31873 | D:15     | Found Taitwoam's Jewellery Shoppe.
 32140 | D:15     | Found a snail-covered altar of Cheibriados.
 32255 | D:15     | Found a staircase to the Depths.
 32488 | Swamp:1  | Entered Level 1 of the Swamp
 32491 | Swamp:1  | Reached skill level 5 in Earth Magic
 32630 | Swamp:1  | Noticed Louise
 32634 | Swamp:1  | Killed Louise
 33292 | Swamp:1  | Identified the +7 trident "Beufrummuidi" {spect, rPois
                  | Dex+5}
 33633 | Swamp:1  | Noticed Donald
 33649 | Swamp:1  | Killed Donald
 34071 | Swamp:2  | Reached skill level 10 in Spellcasting
 34074 | Swamp:2  | Noticed a thorn hunter
 34083 | Swamp:2  | Killed a thorn hunter
 34088 | Swamp:2  | Identified the amulet of the Tempest {+Inv rF++ Will+
                  | Regen+ Int-2}
 34092 | Swamp:2  | Offered knowledge of Conjure Ball Lightning by Vehumet.
 34113 | Swamp:2  | Noticed a tentacled monstrosity
 34131 | Swamp:2  | Killed a tentacled monstrosity
 34571 | Swamp:2  | Noticed a thorn hunter
 34579 | Swamp:2  | Killed a thorn hunter
 35104 | Swamp:3  | Reached XP level 17. HP: 140/140 MP: 12/31
 35549 | Swamp:3  | Identified the +10 war axe of Doom {flame, rElec rC+ MP+9
                  | Str+3}
 35693 | Swamp:4  | Entered Level 4 of the Swamp
 36382 | Swamp:4  | Got a decaying rune of Zot
 36547 | Swamp:4  | Reached skill level 15 in Fighting
 36664 | Swamp:4  | Identified the serpent talisman of Happy Babbling {Slay+3}
 36664 | Swamp:4  | Noticed Aizul
 36674 | Swamp:4  | Killed Aizul
 36833 | Swamp:4  | Reached ****** piety under Vehumet
 37126 | Snake:1  | Entered Level 1 of the Snake Pit
 37265 | Snake:1  | Offered knowledge of Ignition by Vehumet.
 37280 | Snake:1  | Learned a level 8 spell: Ignition
 37558 | Snake:1  | Identified the +6 long sword of Dulupsoj {flame, rN+ Str+4
                  | Dex+3}
 37561 | Snake:1  | Identified the +1 dagger of the Fray {drain, Int+2}
 37572 | Snake:1  | Reached skill level 10 in Fire Magic
 39054 | Snake:2  | Reached skill level 15 in Dodging
 39091 | Snake:2  | Offered knowledge of Fire Storm by Vehumet.
 39091 | Snake:2  | Offered knowledge of Shatter by Vehumet.
 39091 | Snake:2  | Offered knowledge of Maxwell's Capacitive Coupling by
                  | Vehumet.
 39162 | Snake:2  | Gained mutation: You are robust. (+10% HP) [demonic
                  | ancestry]
 39162 | Snake:2  | Reached XP level 18. HP: 142/163 MP: 26/32
 39170 | Snake:2  | Reached skill level 10 in Earth Magic
 39316 | Snake:2  | Reached skill level 1 in Shapeshifting
 40229 | Snake:2  | Found Ihoa's Jewellery Boutique.
 40235 | Snake:2  | Found Tusud's Assorted Antiques.
 40260 | Snake:2  | Bought a potion of magic for 184 gold pieces
 40260 | Snake:2  | Bought a scroll of teleportation for 69 gold pieces
 40260 | Snake:2  | Bought a scroll of fear for 92 gold pieces
 40434 | Snake:3  | Noticed spaghetti's ghost (adept NaBe)
 40435 | Snake:3  | Found a runed translucent gate.
 40436 | Snake:3  | Found a runed translucent gate.
 40436 | Snake:3  | Found a runed translucent gate.
 40816 | Snake:3  | Reached skill level 5 in Shapeshifting
 41500 | Snake:3  | Found a runed translucent gate.
 41500 | Snake:3  | Found a runed translucent gate.
 41500 | Snake:3  | Found a runed translucent gate.
 41861 | Snake:3  | Killed spaghetti's ghost
 41958 | Snake:4  | Entered Level 4 of the Snake Pit
 43826 | Snake:4  | HP: 2/163 [constriction (7)]
 43830 | Snake:4  | Slain by a nagaraja

Illustrated notes

Levels and vault maps discovered:
D:1:      beargit_arrival_greenhouse, layout_rooms
D:2:      layout_basic, minmay_circle_x, uniq_terence, uniq_crazy_yiuf_cottage
D:3:      layout_rooms
D:4:      layout_cave_pools, uniq_natasha
D:5:      layout_cave_pods, serial_bayou_lagoon_a, minmay_door_square,
          minmay_diced_spiral
D:6:      layout_basic, minmay_temple_entry_glass
D:7:      nzn_winding_woodlands_cross [nzn_winding_woodlands_5x15_pool,
          nzn_winding_woodlands_5x15_longhouse,
          nzn_winding_woodlands_5x15_split_checker,
          nzn_winding_woodlands_5x15_concentric,
          nzn_winding_woodlands_15x15_five_gardens], layout_rooms,
          nicolae_shop_self_help, uniq_maurice
D:8:      layout_basic, dpeg_lair_monsters, uniq_prince_ribbit1
D:9:      layout_roguey, bloody_makhleb, orc_0_dummy, nzn_random_ring
D:10:     layout_grid_maze, kiku_gazebo_garden_becter, enter_bailey_8,
          gammafunk_ghost_stat_death
D:11:     layout_basic
D:12:     minmay_crescents, layout_basic
D:13:     minmay_twisted_water, layout_basic, david_vaults_1, serial_shops,
          nicolae_shop_rolling_square
D:14:     layout_roguey, moated_statue, uniq_roxanne
D:15:     grunt_enter_depths_hoard, layout_loops_cross, serial_shops, shop,
          nicolae_shop_hallway_plus, nicolae_shop_waterfront,
          cheibriados_altar_1
Temple:   nicolae_temple_bog_church
Lair:1:   layout_loops_ring, gammafunk_ghost_necromancy, st_stairs_9,
          chequers_serial_rivers_marsh, lemuel_fruit_fields, lemuel_fruit_tree
Lair:2:   layout_cave_shapes, palyth_hydra_swamp_entry, basic_altar,
          ebering_ghost_inner_flame, st_stairs_8, serial_bayou_shore_a,
          grunt_megastairs_2, uniq_gastronok
Lair:3:   layout_gridlike, guppyfry_snake_entry_garden,
          nicolae_volcano_entry_lava_flow, nicolae_quartered_pool_super,
          serial_bayou_lagoon_b
Lair:4:   slaughterhouse, layout_loops_ring, slime_entry_1,
          nzn_sisyphean_effort, grunt_megastairs_3, lemuel_fruit_fields,
          uniq_nessos
Lair:5:   evil_forest, layout_long_grid
Swamp:1:  layout_basic_swamp, nicolae_swamp_long_stream, swamp_pool_3,
          uniq_louise, uniq_donald
Swamp:2:  layout_basic_swamp, evilmike_swamp_ruin_rubble_2
Swamp:3:  layout_basic_swamp, hangedman_swamp_ruin_wall
Swamp:4:  swamp, layout_basic_swamp, swamp_pool_1_2,
          nicolae_swamp_necromancer_hut, uniq_aizul
Snake:1:  nicolae_snake_hallway, layout_misc_corridors,
          nicolae_snake_serpentine_hallways, grunt_ministairs_15,
          nicolae_snake_naga_rites
Snake:2:  layout_honeycomb, nicolae_triple_integral, minmay_shoptagon
Snake:3:  layout_grid_maze, gammafunk_ghost_split, nicolae_snake_horde_hoard
Snake:4:  grunt_snake_rune_pools, layout_cave_town, serial_shops, shop_statue,
          grunt_megastairs_4
Orc:1:    layout_caves, basic_altar, einodemon_armed_red_devil_minivault
Orc:2:    pf_orc_diabolical, layout_caves, nicolae_shop_overcharged_wands

Skill      XL: |  1  2  3  4  5  6  7  8  9 10 11 12 13 14 15 16 17 18 |
---------------+-------------------------------------------------------+-----
Conjurations   | 5 6 8 10 15 | 15.7
Alchemy        | 3 5 |  5.0
Spellcasting   | 3 8 9 10 | 10.0
Translocations | 4 5 |  5.0
Dodging        | 3 6 8 9 11 12 13 15 | 15.0
Fighting       | 3 6 9 10 12 13 14 15 | 15.0
Shields        | 5 |  5.3
Fire Magic     | 7 8 10 | 10.0
Earth Magic    | 3 6 9 10 | 10.0
Shapeshifting  | 9 |  9.7
Stealth        | |  1.7

Action                     |  1- 3 |  4- 6 |  7- 9 | 10-12 | 13-15 | 16-18 || total
---------------------------+-------+-------+-------+-------+-------+-------++-------
  Melee: Club              |     7 |       |       |       |       |       ||     7
         Short sword       |    17 |    34 |     3 |       |       |       ||    54
         Whip              |       |       |    81 |   213 |   145 |       ||   439
         Unarmed           |       |       |    14 |       |       |       ||    14
         Staff             |       |       |       |       |     8 |    82 ||    90
  Throw: Dart              |       |       |       |       |     1 |       ||     1
   Cast: Magic Dart        |    69 |    47 |    99 |   111 |    45 |       ||   371
         Searing Ray       |     5 |    17 |    31 |    36 |    24 |       ||   113
         Fulminant Prism   |       |       |    23 |    80 |    93 |     1 ||   197
         Iskenderun's Myst |       |       |    14 |    42 |   105 |    19 ||   180
         Stone Arrow       |       |       |       |       |   467 |   251 ||   718
         Orb of Destructio |       |       |       |       |    49 |   210 ||   259
         Starburst         |       |       |       |       |    20 |   125 ||   145
         Blink             |       |       |       |       |     1 |     1 ||     2
         Bombard           |       |       |       |       |       |    70 ||    70
  Evoke: Wand              |       |       |       |       |    10 |       ||    10
         Lightning rod     |       |       |       |       |     5 |     6 ||    11
         Sack of spiders   |       |       |       |       |       |     2 ||     2
    Use: Scroll            |     1 |       |    14 |    10 |    13 |     2 ||    40
         Potion            |       |       |     3 |     5 |     7 |     4 ||    19
   Stab: Distracted        |       |       |     1 |       |       |       ||     1
         Sleeping          |       |       |     1 |       |       |       ||     1
         Held in net/web   |       |       |       |       |       |     1 ||     1
 Armour: Robe              |    14 |    35 |    80 |       |       |       ||   129
         Skin              |       |       |    31 |       |       |       ||    31
         Steam dragon scal |       |       |    19 |   139 |   243 |   317 ||   718
  Dodge: Dodged            |    12 |    27 |   164 |   290 |   396 |   280 ||  1169
         Repelled          |       |       |       |       |    43 |    41 ||    84
  Block: Other             |    10 |     8 |    31 |    62 |    66 |       ||   177
         Reflection        |       |       |       |     1 |     1 |       ||     2
         Buckler           |       |       |       |       |    53 |   214 ||   267

Table legend: (Time is in decaauts)
 A = Elapsed time spent in this place.
 B = Non-inter-level travel time spent in this place.
 C = Inter-level travel time spent in this place.
 D = Time resting spent in this place.
 E = Time spent auto-exploring this place.
 F = Levels seen in this place.
 G = Mean time per level.
                   A        B        C        D        E       F      G
               +--------+--------+--------+--------+--------+-----+--------+
         Total |  45405 |  42940 |   2465 |   5964 |  30364 |  33 | 1375.9 |
       Dungeon |  20923 |  19513 |   1410 |   2874 |  13777 |  15 | 1394.9 |
        Temple |     22 |      2 |     20 |      0 |      0 |   1 |   22.0 |
          Lair |   7586 |   7187 |    399 |    487 |   5335 |   5 | 1517.2 |
         Swamp |   5010 |   4778 |    232 |   1018 |   3190 |   4 | 1252.5 |
     Snake Pit |   7026 |   6757 |    269 |    985 |   4906 |   4 | 1756.5 |
  Orcish Mines |   2329 |   2196 |    133 |     73 |   1644 |   2 | 1164.5 |
        Bailey |   1586 |   1586 |      0 |    380 |    939 |   1 | 1586.0 |
       Volcano |    920 |    920 |      0 |    147 |    572 |   1 |  920.0 |
               +--------+--------+--------+--------+--------+-----+--------+

Top non-repeatable levels by time:
     D:9: 2514 daAuts
     D:6: 2308 daAuts
     D:8: 1964 daAuts
 Snake:4: 1863 daAuts
 Snake:1: 1821 daAuts
    D:10: 1813 daAuts
  Lair:4: 1807 daAuts
 Snake:3: 1734 daAuts
   Orc:2: 1690 daAuts
     D:5: 1645 daAuts
 Swamp:1: 1615 daAuts
 Snake:2: 1607 daAuts
  Bailey: 1586 daAuts
  Lair:5: 1528 daAuts
     D:2: 1481 daAuts
